 Dungeon Crawl Stone Soup version 0.20.1-1-g8b1a95d (webtiles) character file.

2378 Linguinho the Shield-Bearer (level 9, -11/59 HPs)
             Began as a Demonspawn Fighter on Nov 12, 2017.
             Was a Believer of Cheibriados.
             Killed from afar by a wizard (21 damage)
             ... with an orb of energy
             ... on level 7 of the Dungeon.
             The game lasted 00:08:10 (5458 turns).

Linguinho the Shield-Bearer (Demonspawn Fighter)    Turns: 5458, Time: 00:08:10

Health: -11/59     AC: 12    Str: 31    XL:     9   Next: 21%
Magic:  9/9        EV:  8    Int: 14    God:    Cheibriados [**....]
Gold:   410        SH: 18    Dex: 17    Spells: 8/8 levels left

rFire    + + .     SeeInvis +   y - +2 war axe (venom)
rCold    x . .     Gourm    .   o - +0 large shield
rNeg     . . .     Faith    .   i - +0 fire dragon scales
rPois    .         Spirit   .   (helmet unavailable)
rElec    .         Reflect  .   b - +0 cloak
rCorr    .         Harm     +   D - +0 pair of gloves
MR       .....                  (no boots)
Stlth    ..........             r - amulet of harm
Regen    0.2/turn               k - ring of loudness (curse)
MPRegen  0.2/turn               v - ring of see invisible

@: mighty, very slow
A: claws 1, fangs 1, horns 3, frail 1, spiny 1
a: Bend Time, Renounce Religion


You were on level 7 of the Dungeon.
You worshipped Cheibriados.
Cheibriados was pleased with you.
You were not hungry.

You visited 1 branch of the dungeon, and saw 7 of its levels.

You collected 410 gold pieces.

Inventory:

Hand Weapons
 y - a +2 war axe of venom (weapon)
 E - a +1 hand axe of freezing
Armour
 b - a +0 cloak (worn)
 i - +0 fire dragon scales (worn)
 o - a +0 large shield (worn)
 D - a +0 pair of gloves (worn)
Jewellery
 k - a cursed ring of loudness (left hand)
 r - an amulet of harm (around neck)
 v - a ring of see invisible (right hand)
 z - an uncursed ring of ice {unknown}
Wands
 x - a wand of lightning (5/15)
 F - a wand of lightning (6/15)
Scrolls
 a - 2 scrolls of amnesia {unknown}
 e - 2 scrolls of fear {unknown}
 g - 2 scrolls of immolation
 h - a scroll of blinking {unknown}
 m - 4 scrolls of identify
 n - 2 scrolls of random uselessness {unknown}
 q - 5 scrolls of remove curse {unknown}
 s - 2 scrolls of teleportation {unknown}
 w - a scroll of enchant armour {unknown}
 B - a scroll of recharging {unknown}
 C - a scroll of magic mapping {unknown}
Potions
 c - 2 potions of haste {unknown}
 d - 5 potions of might
 j - 7 potions of heal wounds
 p - 7 potions of curing {unknown}
 A - 3 potions of agility {unknown}
 G - a potion of ambrosia {unknown}
 H - a potion of invisibility {unknown}
Books
 u - a book of Flames

   Spells                             Type                      Level
   a - Flame Tongue                   Conjuration/Fire             1
   b - Throw Flame                    Conjuration/Fire             2
   c - Conjure Flame                  Conjuration/Fire             3
   d - Inner Flame                    Hexes/Fire                   3
   e - Sticky Flame                   Conjuration/Fire             4
   f - Fireball                       Conjuration/Fire             5
 J - a book of Maledictions

   Spells                             Type                      Level
   a - Corona                         Hexes                        1
   b - Ensorcelled Hibernation        Hexes/Ice                    2
   c - Confuse                        Hexes                        3
   d - Tukima's Dance                 Hexes                        3
   e - Dazzling Spray                 Conjuration/Hexes            3
Comestibles
 f - 6 bread rations
 l - 2 meat rations
 t - 5 royal jellies


   Skills:
 + Level 4.5 Fighting
   Level 0.3 Short Blades
 + Level 6.5(6.7) Axes
   Level 2.4(4.8) Maces & Flails
 + Level 5.6 Armour
 + Level 2.2 Dodging
 + Level 1.3 Stealth
 + Level 6.7 Shields


You had 8 spell levels left.
You didn't know any spells.

Dungeon Overview and Level Annotations

Branches:
Dungeon (7/15)
 Temple: D:4-7

Altars:
Cheibriados
Dithmenos
Fedhas
Kikubaaqudgha
Qazlal
Zin


Innate Abilities, Weirdness & Mutations

You have a pair of large horns on your head.
You are partially covered in sharp spines.
You have sharp fingernails.
You have very sharp teeth.
You are frail. (-10% HP)


Message History

The wizard mumbles some strange words.
The wizard's hands start to glow.
Things that are here:
a dagger; a robe The wizard points at you and mumbles some strange words.
You resist with significant effort. You block the wizard's attack.
Found an escape hatch in the ceiling.
You slash the wizard!
The wizard is poisoned.
Your bite misses the wizard.
The wizard is severely wounded.
The wizard casts a spell.
The wizard blinks!
The wizard gestures at you while chanting.
The orb of energy hits you! The wizard casts a spell at you.
The orb of energy hits you!
* * * LOW HITPOINT WARNING * * *
The orb of energy explodes!
The wizard gestures at you while chanting.
The orb of energy hits you!
You die...

..........# ...#####.#.
........... .. ###.#####.#.
..........###<#### ........#.#.
........$......... ..........#.
..(.............. ........###.
.###...≈≈≈≈≈≈≈..###..............
##.##≈≈.p.#.#########...#
##...##≈........#####..#..
..≈#.}...#≈.@##.##....#..##..
......(..).§.##.##......## .
..≈#.$.(.#≈.###.#..##...# .
##...##≈.###.#.#######
##.##≈≈.......# ≈≈≈≈≈≈........#
..............## .......#.......#
.......#.......#


You could see a wizard.

Vanquished Creatures
  An orc sorcerer (D:7)
  Grinder (D:5)
  A hungry ghost (D:7)
  2 orc warriors
  2 ice beasts
  A sky beast (D:6)
  A phantom (D:6)
  A centaur (D:5)
  An ogre (D:4)
  Blork the orc (D:5)
  2 crimson imps (D:6)
  A bullfrog zombie (D:7)
  2 orc priests (D:6)
  A bullfrog skeleton (D:5)
  3 hounds
  A jelly (D:5)
  3 orc wizards
  An iguana (D:6)
  5 worker ants
  A hound skeleton (D:6)
  11 adders
  8 gnolls
  An ooze (D:2)
  4 worms
  2 dart slugs
  3 leopard geckos
  26 orcs
  2 bats
  2 giant cockroaches
  6 goblins
  4 hobgoblins
  7 kobolds
  A quokka (D:5)
  4 ball pythons
  4 frilled lizards
  A jackal skeleton (D:5)
  2 quokka skeletons (D:5)
  9 rats
129 creatures vanquished.

Notes
Turn   | Place    | Note
-------+----------+-------------------------------------------
     0 | D:1      | Linguinho the Demonspawn Fighter began the quest for the Orb.
     0 | D:1      | Reached XP level 1. HP: 18/18 MP: 1/1
   170 | D:1      | Gained mutation: You have a pair of small horns on your head. [demonic ancestry]
   170 | D:1      | Reached XP level 2. HP: 24/24 MP: 2/2
   411 | D:1      | Reached XP level 3. HP: 29/29 MP: 3/3
  1489 | D:2      | Gained mutation: You are partially covered in sharp spines. [demonic ancestry]
  1489 | D:2      | Reached XP level 4. HP: 31/35 MP: 4/4
  1889 | D:3      | Reached XP level 5. HP: 21/41 MP: 5/5
  2532 | D:4      | Noticed an ogre
  2538 | D:4      | Killed an ogre
  2660 | D:4      | Found a snail-covered altar of Cheibriados.
  2690 | D:4      | Reached skill level 1 in Maces & Flails
  2690 | D:4      | Reached XP level 6. HP: 36/47 MP: 6/6
  2720 | D:4      | Became a worshipper of Cheibriados the Contemplative
  2814 | D:4      | Found a shadowy altar of Dithmenos.
  3153 | D:5      | Entered Level 5 of the Dungeon
  3335 | D:5      | Reached XP level 7. HP: 32/52 MP: 7/7
  3649 | D:5      | Noticed Blork the orc
  3655 | D:5      | Killed Blork the orc
  3655 | D:5      | Reached skill level 1 in Dodging
  3757 | D:5      | Reached * piety under Cheibriados
  3833 | D:5      | Noticed Grinder
  3845 | D:5      | Killed Grinder
  3845 | D:5      | Reached skill level 1 in Stealth
  3845 | D:5      | Reached skill level 5 in Shields
  4298 | D:5      | Reached skill level 5 in Armour
  4299 | D:5      | Gained mutation: You have a pair of horns on your head. [demonic ancestry]
  4299 | D:5      | Reached XP level 8. HP: 60/60 MP: 8/8
  4416 | D:6      | Found a stormy altar of Qazlal.
  4686 | D:6      | Gained mutation: You have very sharp teeth. [mutagenic meat]
  4687 | D:6      | Gained mutation: You are frail. (-10% HP) [mutagenic meat]
  4689 | D:6      | Gained mutation: You have sharp fingernails. [mutagenic meat]
  4860 | D:6      | Reached ** piety under Cheibriados
  4911 | D:6      | Reached skill level 5 in Axes
  4943 | D:6      | Found a blossoming altar of Fedhas.
  4943 | D:6      | Found an ancient bone altar of Kikubaaqudgha.
  5132 | D:6      | Found a glowing silver altar of Zin.
  5133 | D:6      | Noticed an angel
  5392 | D:7      | Gained mutation: You have a pair of large horns on your head. [demonic ancestry]
  5392 | D:7      | Reached XP level 9. HP: 54/59 MP: 9/9
  5429 | D:7      | Noticed an orc sorcerer
  5430 | D:7      | Noticed a wizard
  5434 | D:7      | Killed an orc sorcerer
  5434 | D:7      | Paralysed by a wizard for 2 turns
  5438 | D:7      | Paralysed by a wizard for 6 turns
  5449 | D:7      | Paralysed by a wizard for 3 turns
  5458 | D:7      | Killed from afar by a wizard

Skill      XL: |  1  2  3  4  5  6  7  8  9 |
---------------+----------------------------+-----
Shields        | 3 4 5 6 |  6.7
Axes           | 2 3 5 6 |  6.5
Armour         | 3 4 5 |  5.6
Maces & Flails | 1 2 |  2.4
Dodging        | 1 2 |  2.2
Stealth        | 1 |  1.3
Fighting       | 4 |  4.5
Short Blades   | |  0.3

Action                   |  1- 3 |  4- 6 |  7- 9 || total
-------------------------+-------+-------+-------++-------
Melee: War axe           |    99 |    20 |   106 ||   225
       Headbutt          |    12 |    29 |    20 ||    61
       Dagger            |    13 |     6 |       ||    19
       Whip              |       |   111 |     1 ||   112
       Bite              |       |       |     5 ||     5
  Use: Scroll            |       |       |     2 ||     2
       Potion            |       |       |     2 ||     2
  Eat: Chunk             |     2 |     6 |    10 ||    18
Armor: Scale mail        |     7 |       |       ||     7
       Fire dragon scale |    53 |    33 |    38 ||   124
Dodge: Dodged            |    23 |    12 |    17 ||    52
Block: Shield            |    26 |       |       ||    26
       Large shield      |    33 |    89 |    85 ||   207
